[Event "ICC tourney 2884 (40 5)"]
[Site "Internet Chess Club"]
[Date "2022.04.16"]
[Round "1"]
[White "IVANOV, ALEXANDER:marble"]
[Black "MARKOVIC, GORAN:Goran21"]
[Result "1-0"]
[ICCResult "Black resigns"]
[WhiteElo "2391"]
[BlackElo "1834"]
[Opening "Ruy Lopez: Berlin defense"]
[ECO "C65"]
[NIC "RL.07"]
[Time "11:00:19"]
[PlyCount "109"]
[TimeControl "2400+5"]

1. e4 e5 2. Nf3 Nc6 3. Bb5 Nf6 4. Qe2 d6 5. d4 Bd7 6. d5 Ne7 7. Bxd7+ Qxd7
8. O-O g6 9. c4 Bg7 10. Nc3 O-O 11. Bd2 h6 12. Rac1 g5 13. Ne1 Ng6 14. g3
Qh3 15. f3 a6 16. Ng2 g4 17. Ne3 h5 18. Nf5 h4 19. Qg2 Qxg2+ 20. Kxg2 hxg3
21. hxg3 gxf3+ 22. Kxf3 Rfe8 23. Rh1 Ne7 24. g4 Nd7 25. Rh2 Nxf5 26. gxf5
Kf8 27. Ne2 Bf6 28. b4 b6 29. Be3 Ke7 30. c5 bxc5 31. bxc5 Rh8 32. Rxh8 Rxh8
33. c6 Rh3+ 34. Ng3 Bh4 35. Bf2 Nf6 36. Kg2 Bxg3 37. Bxg3 Rh8 38. Rc4 Rb8
39. Ra4 Ra8 40. Bh4 Rh8 41. Bxf6+ Kxf6 42. Rxa6 Kg5 43. Kg3 Rh4 44. Ra4 Rg4+
45. Kf3 Rh4 46. Ra7 Rh3+ 47. Kg2 Rc3 48. Rxc7 Kf4 49. Rxf7 Rc2+ 50. Kh3 Kxe4
51. c7 Kxd5 52. Re7 Rc3+ 53. Kg4 e4 54. f6 Rxc7 55. Rxc7 {Black resigns} 1-0

[Event "ICC tourney 2884 (40 5)"]
[Site "Internet Chess Club"]
[Date "2022.04.16"]
[Round "1"]
[White "GUSEINOV, GADIR:GGuseinov"]
[Black "WANG, ALEXANDER J:ickyquarter"]
[Result "1-0"]
[ICCResult "Black resigns"]
[WhiteElo "2711"]
[BlackElo "1918"]
[Opening "Sicilian: closed"]
[ECO "B23"]
[NIC "SI.44"]
[Time "11:00:18"]
[PlyCount "77"]
[TimeControl "2400+5"]

1. e4 c5 2. Nc3 d6 3. f4 Nc6 4. Nf3 g6 5. Bb5 Bd7 6. a4 Bg7 7. O-O e6 8.
Bxc6 Bxc6 9. d4 Ne7 10. Be3 b6 11. Qe1 O-O 12. Rd1 Qc7 13. Qh4 Rae8 14. Kh1
Qb7 15. Rfe1 h6 16. f5 exf5 17. d5 Bd7 18. Bxh6 fxe4 19. Bxg7 Kxg7 20. Nxe4
Nf5 21. Qf6+ Kg8 22. Qc3 Rxe4 23. Rxe4 Qa8 24. Qf6 Qd8 25. Qxd8 Rxd8 26. b3
Kf8 27. Kg1 Ne7 28. Ng5 Bf5 29. Nh7+ Kg7 30. Rxe7 Kxh7 31. Rd2 Kg7 32. Rxa7
Rc8 33. Rb7 c4 34. Rxb6 c3 35. Re2 Bg4 36. Re3 Bd1 37. Rc6 Rxc6 38. dxc6
Bxc2 39. Rxc3 {Black resigns} 1-0

[Event "ICC tourney 2884 (40 5)"]
[Site "Internet Chess Club"]
[Date "2022.04.16"]
[Round "1"]
[White "OPASKA, MICHAEL:mopaska1106"]
[Black "Yan, Ruiyang:K01-30157975"]
[Result "0-1"]
[ICCResult "White resigns"]
[WhiteElo "1778"]
[BlackElo "2185"]
[Opening "Nimzo-Indian: classical variation"]
[ECO "E32"]
[NIC "NI.24"]
[Time "11:00:20"]
[PlyCount "56"]
[TimeControl "2400+5"]

1. d4 Nf6 2. c4 e6 3. Nc3 Bb4 4. Qc2 O-O 5. Bg5 d5 6. e3 b6 7. Bd3 h6 8. Bh4
Bb7 9. cxd5 exd5 10. Ne2 Nbd7 11. O-O Re8 12. a3 Bf8 13. Rae1 c5 14. Qa4 a6
15. Bb1 Qc7 16. Bg3 Bd6 17. Qc2 Bxg3 18. Nxg3 Nf8 19. Qf5 Rad8 20. Qf3 Bc8
21. h3 Ne6 22. Nf5 Ng5 23. Nxh6+ Kf8 24. Qg3 Qxg3 25. fxg3 cxd4 26. Ne2 Rxe3
27. Nf5 Bxf5 28. Bxf5 Rde8 {White resigns} 0-1

[Event "ICC tourney 2884 (40 5)"]
[Site "Internet Chess Club"]
[Date "2022.04.16"]
[Round "1"]
[White "Turcotte, Jonathan:JonnyTurgi"]
[Black "YUAN, SERENA:doudou2011"]
[Result "1-0"]
[ICCResult "Black resigns"]
[WhiteElo "2000"]
[BlackElo "1651"]
[Opening "QGD: Semi-Tarrasch, 5.cd"]
[ECO "D41"]
[NIC "TD.12"]
[Time "11:00:22"]
[PlyCount "75"]
[TimeControl "2400+5"]

1. d4 d5 2. c4 e6 3. Nf3 Nf6 4. Nc3 c5 5. cxd5 exd5 6. g3 Be7 7. Bg2 O-O 8.
dxc5 Bxc5 9. O-O Be6 10. a3 a5 11. b3 Nc6 12. Bb2 Rb8 13. Rc1 Qe7 14. Nb5
Ne4 15. a4 Rfd8 16. Nfd4 Nxd4 17. Bxd4 Bxd4 18. Qxd4 Rd7 19. Qa7 Qd8 20. Qe3
Nf6 21. Rfd1 d4 22. Rxd4 Rxd4 23. Nxd4 Bd5 24. Qe5 Bxg2 25. Kxg2 Qd5+ 26.
Qxd5 Nxd5 27. Rc5 Rd8 28. Rxa5 h6 29. e3 Nf6 30. Ra7 Rd7 31. Ra8+ Kh7 32.
Rb8 Ne4 33. b4 Nc3 34. a5 Nd5 35. b5 Nb4 36. Ra8 Kg6 37. Ra7 Kf6 38. a6
{Black resigns}
1-0

[Event "ICC tourney 2884 (40 5)"]
[Site "Internet Chess Club"]
[Date "2022.04.16"]
[Round "1"]
[White "HARDAWAY, BREWINGTON:K06-15728407"]
[Black "LOCHAM, DIVJOT SINGH:winner08"]
[Result "1-0"]
[ICCResult "Black checkmated"]
[WhiteElo "2057"]
[BlackElo "1750"]
[Opening "Ruy Lopez: Anderssen variation"]
[ECO "C77"]
[NIC "RL.12"]
[Time "11:17:44"]
[PlyCount "79"]
[TimeControl "2400+5"]

1. e4 e5 2. Nf3 Nc6 3. Bb5 a6 4. Ba4 Nf6 5. d3 b5 6. Bb3 d6 7. Ng5 Be6 8.
Bxe6 fxe6 9. Nxe6 Qe7 10. Nxf8 Qxf8 11. a4 Rb8 12. axb5 axb5 13. Nc3 Qf7 14.
O-O O-O 15. f4 Qe7 16. f5 b4 17. Ne2 Qf7 18. c4 Qh5 19. h3 Qf7 20. g4 h6 21.
Be3 Ra8 22. Ng3 Qe7 23. Kg2 Nd4 24. Rxa8 Rxa8 25. h4 Ra2 26. Rf2 b3 27. Bxd4
exd4 28. Qxb3 Ra8 29. Kh3 c5 30. Ne2 Qe5 31. Nf4 Re8 32. Qc2 Qe7 33. Ne6 h5
34. gxh5 Nxh5 35. Qe2 Nf6 36. Rg2 g5 37. Rxg5+ Kh8 38. Rg6 Rg8 39. Rxf6 Qe8
40. Rh6# {Black checkmated} 1-0

[Event "ICC tourney 2884 (40 5)"]
[Site "Internet Chess Club"]
[Date "2022.04.16"]
[Round "1"]
[White "WU, WILLIAM:chessw23"]
[Black "Nguyen, Hoa Duc:leoman"]
[Result "0-1"]
[ICCResult "White resigns"]
[WhiteElo "1911"]
[BlackElo "2469"]
[Opening "Sicilian: closed, 2...Nc6"]
[ECO "B23"]
[NIC "SI.44"]
[Time "11:01:10"]
[PlyCount "102"]
[TimeControl "2400+5"]

1. e4 c5 2. Nc3 Nc6 3. Bb5 e6 4. Bxc6 bxc6 5. d3 d6 6. f4 f5 7. Nf3 Be7 8.
O-O Nh6 9. e5 d5 10. Ne2 O-O 11. h3 Ba6 12. Be3 c4 13. d4 Rb8 14. Rb1 c3 15.
b3 Qa5 16. a4 Rfc8 17. Re1 Kf8 18. Nc1 Nf7 19. Nd3 Bxd3 20. Qxd3 Ke8 21. g4
g6 22. Kf2 Kd7 23. Rg1 Nd8 24. h4 fxg4 25. Rxg4 Nf7 26. h5 Nh6 27. Rg2 gxh5
28. Qxh7 Rh8 29. Qd3 Nf5 30. Rh1 Rbf8 31. Ng1 Bh4+ 32. Kf3 Bd8 33. Rgh2 h4
34. Ne2 Rhg8 35. Bf2 Rf7 36. Qxc3 Qa6 37. Qd2 Rfg7 38. Rg1 Rxg1 39. Bxg1 Ba5
40. b4 Bd8 41. a5 Be7 42. c3 Qc8 43. Qd3 Qe8 44. Kf2 Rg3 45. Qa6 Qg6 46.
Qxa7+ Ke8 47. Kf1 Rxg1+ 48. Nxg1 Ne3+ 49. Ke2 Qxg1 50. Rf2 Ng4 51. Rf3 Qg2+
{White resigns}
0-1

[Event "ICC tourney 2884 (40 5)"]
[Site "Internet Chess Club"]
[Date "2022.04.16"]
[Round "1"]
[White "SHOLL, CRAIG H:craigsholl66"]
[Black "QUIRKE, JEFFREY L:PawnEatingZombi"]
[Result "0-1"]
[ICCResult "White resigns"]
[WhiteElo "1696"]
[BlackElo "2049"]
[Opening "Queen's pawn game"]
[ECO "D02"]
[NIC "QP.09"]
[Time "11:00:20"]
[PlyCount "114"]
[TimeControl "2400+5"]

1. Nf3 d5 2. d4 e6 3. Bf4 Nf6 4. e3 c5 5. Bb5+ Nc6 6. c4 cxd4 7. exd4 dxc4
8. Bxc6+ bxc6 9. Qa4 Nd5 10. Bd2 Nb6 11. Qxc6+ Bd7 12. Qe4 Be7 13. Ba5 O-O
14. Nbd2 Rc8 15. Rc1 Bc6 16. Qg4 Qd5 17. Bxb6 axb6 18. a3 b5 19. O-O f5 20.
Qf4 Bf6 21. h4 Rfd8 22. Rfd1 Qd6 23. Qe3 Bd5 24. g3 Rc7 25. Ne5 Rdc8 26. f4
Bb7 27. Ndf3 Qd5 28. Kf2 h6 29. Re1 Kh7 30. Rg1 Be7 31. g4 fxg4 32. Rxg4 Bf6
33. h5 Qe4 34. Qxe4+ Bxe4 35. Re1 Bf5 36. Rgg1 c3 37. bxc3 Rxc3 38. Nd7 Rxa3
39. Rc1 Rac3 40. Rxc3 Rxc3 41. Ra1 Rc7 42. Nde5 b4 43. Nd2 Bxe5 44. fxe5 Rc2
45. Ke3 b3 46. Ne4 b2 47. Rb1 Rh2 48. d5 exd5 49. e6 dxe4 50. e7 Bd7 51.
Kxe4 Re2+ 52. Kd5 Rxe7 53. Kd6 Rf7 54. Rxb2 Bg4 55. Rh2 Rf5 56. Ke7 Rxh5 57.
Rxh5 Bxh5 {White resigns} 0-1

[Event "ICC tourney 2884 (40 5)"]
[Site "Internet Chess Club"]
[Date "2022.04.16"]
[Round "2"]
[White "MARKOVIC, GORAN:Goran21"]
[Black "SHOLL, CRAIG H:craigsholl66"]
[Result "0-1"]
[ICCResult "White resigns"]
[WhiteElo "1834"]
[BlackElo "1696"]
[Opening "Sicilian"]
[ECO "B50"]
[NIC "SI.01"]
[Time "13:00:12"]
[PlyCount "140"]
[TimeControl "2400+5"]

1. e4 c5 2. Nf3 d6 3. c3 Nf6 4. Be2 e6 5. O-O Be7 6. Re1 O-O 7. Bf1 Nc6 8.
d4 d5 9. exd5 Nxd5 10. Bd3 Nf6 11. Bg5 cxd4 12. cxd4 h6 13. Bh4 Nb4 14. Bf1
Qb6 15. Nc3 Nbd5 16. Qd2 Bb4 17. a3 Bd6 18. Ne5 Qb3 19. Bc4 Qb6 20. Bd3 Nxc3
21. bxc3 Bxe5 22. dxe5 Nd7 23. Bb1 Nc5 24. Re3 Nb3 25. Qc2 g6 26. Rg3 Qc7
27. Qxb3 Qxe5 28. Re3 Qh5 29. Bf6 e5 30. Rxe5 Qg4 31. h3 Qf4 32. Re3 Qxf6
33. Qb4 Rd8 34. Be4 Rd2 35. Rf3 Qd6 36. Qb3 Qe6 37. c4 Qxe4 38. Re3 Qd4 39.
Re8+ Kg7 40. Rf1 Rb2 41. Qf3 Bg4 42. Qe4 Qxe4 43. Rxe4 Be6 44. Rc1 Rd8 45.
c5 Rdd2 46. Rf4 Bd5 47. Re1 Re2 48. Rd1 Rbd2 49. Rc1 Bc6 50. h4 h5 51. Rc3
Re1+ 52. Kh2 Rdd1 53. Kg3 Rg1 54. f3 Rd2 55. Rb4 Rgxg2+ 56. Kf4 Rh2 57. Ke3
Rde2+ 58. Kd3 Rd2+ 59. Ke3 Rhe2+ 60. Kf4 Rd5 61. a4 a5 62. Rb1 Rd4+ 63. Kg3
Rxa4 64. Rd1 Raa2 65. Rd8 Rad2 66. Ra8 a4 67. Kf4 Rd4+ 68. Kg3 Rb4 69. Rd3
Rb3 70. Re3 Rexe3 {White resigns} 0-1

[Event "ICC tourney 2884 (40 5)"]
[Site "Internet Chess Club"]
[Date "2022.04.16"]
[Round "2"]
[White "Nguyen, Hoa Duc:leoman"]
[Black "HARDAWAY, BREWINGTON:K06-15728407"]
[Result "1-0"]
[ICCResult "Black checkmated"]
[WhiteElo "2469"]
[BlackElo "2057"]
[Opening "Catalan: closed, main line"]
[ECO "E09"]
[NIC "CA.04"]
[Time "13:00:44"]
[PlyCount "63"]
[TimeControl "2400+5"]

1. d4 Nf6 2. c4 e6 3. g3 d5 4. Bg2 Be7 5. Nf3 O-O 6. O-O Nbd7 7. Qc2 c6 8.
Nbd2 b6 9. e4 Ba6 10. e5 Ne8 11. Re1 Rc8 12. b3 c5 13. Bb2 Nc7 14. Rad1 b5
15. h4 h6 16. Nh2 bxc4 17. bxc4 Nb6 18. dxc5 Bxc5 19. Ne4 Bb4 20. Ng4 Ne8
21. Qc1 Kh7 22. Qb1 Kh8 23. Nef6 gxf6 24. Qc1 Nd7 25. Qxh6+ Kg8 26. exf6
Rxc4 27. Qg5+ Kh7 28. Qh5+ Kg8 29. Nh6+ Kh7 30. Nxf7+ Kg8 31. Qg6+ Ng7 32.
Qxg7# {Black checkmated} 1-0

[Event "ICC tourney 2884 (40 5)"]
[Site "Internet Chess Club"]
[Date "2022.04.16"]
[Round "2"]
[White "QUIRKE, JEFFREY L:PawnEatingZombi"]
[Black "GUSEINOV, GADIR:GGuseinov"]
[Result "0-1"]
[ICCResult "White resigns"]
[WhiteElo "2049"]
[BlackElo "2711"]
[Opening "King's Indian: Semi-Averbakh system"]
[ECO "E73"]
[NIC "KI.27"]
[Time "13:00:13"]
[PlyCount "50"]
[TimeControl "2400+5"]

1. d4 Nf6 2. c4 g6 3. Nc3 Bg7 4. e4 d6 5. Be2 O-O 6. Be3 c6 7. Nf3 Na6 8.
O-O e5 9. Rb1 exd4 10. Nxd4 Re8 11. f3 d5 12. cxd5 Nxd5 13. Nxd5 cxd5 14.
Nb5 Be6 15. Qa4 Qe7 16. b4 dxe4 17. fxe4 Rad8 18. Bf3 Bc4 19. Rfd1 Bd3 20.
Rxd3 Rxd3 21. Bxa7 Qd7 22. Qa5 Re5 23. a4 Rxf3 24. gxf3 Rg5+ 25. Kh1 Qd3
{White resigns}
0-1

[Event "ICC tourney 2884 (40 5)"]
[Site "Internet Chess Club"]
[Date "2022.04.16"]
[Round "2"]
[White "Wan, Joseph Cheng-Yue:cyborg86"]
[Black "KOEHL, EVAN:MacAndSneeze"]
[Result "1-0"]
[ICCResult "Black checkmated"]
[WhiteElo "2285"]
[BlackElo "1648"]
[Opening "King's Indian: London system"]
[ECO "A48"]
[NIC "QP.06"]
[Time "13:00:14"]
[PlyCount "53"]
[TimeControl "2400+5"]

1. d4 Nf6 2. Nf3 g6 3. Bf4 d5 4. e3 Bg7 5. c4 c6 6. Nc3 O-O 7. Qb3 dxc4 8.
Bxc4 b5 9. Bd3 Be6 10. Qd1 h6 11. Ne5 Nh5 12. Bg3 Nxg3 13. hxg3 Qc7 14. f4
Nd7 15. Qc2 Rac8 16. Kf2 Nf6 17. Rh4 a6 18. b4 Nd5 19. Nxd5 cxd5 20. Qe2 Qc3
21. Rah1 Bxe5 22. dxe5 h5 23. Rxh5 f5 24. Rh7 Qxb4 25. R1h6 g5 26. Rg6+ Kxh7
27. Qh5# {Black checkmated} 1-0

[Event "ICC tourney 2884 (40 5)"]
[Site "Internet Chess Club"]
[Date "2022.04.16"]
[Round "2"]
[White "Turcotte, Jonathan:JonnyTurgi"]
[Black "IVANOV, ALEXANDER:marble"]
[Result "0-1"]
[ICCResult "White resigns"]
[WhiteElo "2000"]
[BlackElo "2391"]
[Opening "Modern defense: Averbakh system"]
[ECO "A40"]
[NIC "KF.04"]
[Time "13:00:13"]
[PlyCount "58"]
[TimeControl "2400+5"]

1. d4 g6 2. e4 Bg7 3. c4 d6 4. Nc3 c5 5. d5 e6 6. h3 exd5 7. cxd5 a6 8. a4
Nd7 9. Nf3 Ne5 10. Bf4 Nxf3+ 11. Qxf3 g5 12. Bd2 h6 13. Be2 Ne7 14. O-O Ng6
15. Rae1 O-O 16. Qg3 Qf6 17. Bg4 Qe5 18. Qd3 Nf4 19. Qf3 c4 20. Bxf4 gxf4
21. g3 fxg3 22. fxg3 Bxg4 23. Qxg4 Qg5 24. Qf3 Be5 25. Kg2 b5 26. axb5 axb5
27. Nxb5 Rab8 28. Na3 Rxb2+ 29. Rf2 Rb3 {White resigns} 0-1

[Event "ICC tourney 2884 (40 5)"]
[Site "Internet Chess Club"]
[Date "2022.04.16"]
[Round "2"]
[White "Yan, Ruiyang:K01-30157975"]
[Black "KHAIS, STEVEN:methodX17"]
[Result "1-0"]
[ICCResult "Black resigns"]
[WhiteElo "2185"]
[BlackElo "1501"]
[Opening "Sicilian: accelerated fianchetto, Maróczy bind, 6.Be3"]
[ECO "B38"]
[NIC "SI.33"]
[Time "13:00:12"]
[PlyCount "69"]
[TimeControl "2400+5"]

1. e4 c5 2. Nf3 Nc6 3. d4 cxd4 4. Nxd4 g6 5. c4 Bg7 6. Be3 d6 7. Nc3 Nf6 8.
Be2 Bd7 9. O-O O-O 10. Qd2 Qc8 11. f3 h5 12. Rab1 h4 13. Rfc1 h3 14. g3 Nh5
15. Nd5 Re8 16. Nb5 Rd8 17. Nxa7 Qb8 18. Nb5 Rxa2 19. Na3 f5 20. Nc3 Bxc3
21. Qxc3 fxe4 22. fxe4 Ne5 23. Qb3 Rxa3 24. bxa3 Kg7 25. Bxh5 gxh5 26. Bd4
Kh7 27. Bxe5 dxe5 28. Qf3 Bg4 29. Qf7+ Kh8 30. Rf1 Qa7+ 31. Qf2 Qxa3 32.
Rxb7 Rg8 33. c5 h4 34. Rxe7 hxg3 35. Qf6+ {Black resigns} 1-0

[Event "ICC tourney 2884 (40 5)"]
[Site "Internet Chess Club"]
[Date "2022.04.16"]
[Round "2"]
[White "WANG, ALEXANDER J:ickyquarter"]
[Black "LOCHAM, DIVJOT SINGH:winner08"]
[Result "1-0"]
[ICCResult "Black checkmated"]
[WhiteElo "1918"]
[BlackElo "1750"]
[Opening "Ruy Lopez: Morphy defense"]
[ECO "C77"]
[NIC "RL.12"]
[Time "13:00:28"]
[PlyCount "139"]
[TimeControl "2400+5"]

1. e4 e5 2. Nf3 Nc6 3. Bb5 a6 4. Ba4 Nf6 5. d4 Nxd4 6. Nxe5 Nc6 7. Nxc6 bxc6
8. O-O Be7 9. Nc3 O-O 10. Be3 Bb7 11. e5 Nd5 12. Nxd5 cxd5 13. Bb3 c6 14. c4
dxc4 15. Bxc4 d5 16. exd6 Bxd6 17. Qg4 Qf6 18. Bd4 Qh6 19. h3 Bc8 20. Qf3
Bb7 21. Be3 Qg6 22. Rfd1 Rad8 23. Bd3 f5 24. Bc4+ Kh8 25. Bb6 Rb8 26. Ba7
Rbd8 27. Bd4 Ba8 28. Bc3 Rfe8 29. Bf1 c5 30. Qd3 Bh2+ 31. Kxh2 Rxd3 32. Rxd3
f4 33. Rd7 Rg8 34. Rad1 h5 35. R1d6 Qh7 36. Bd3 Be4 37. Bxe4 Qxe4 38. Rh6+
Qh7 39. Rxh7+ Kxh7 40. Rd5 Re8 41. Rxh5+ Kg6 42. Rxc5 Re2 43. f3 Kf7 44.
Rc7+ Kg6 45. Rxg7+ Kf5 46. Rd7 a5 47. Rd5+ Ke6 48. Re5+ Rxe5 49. Bxe5 Kxe5
50. h4 Kf5 51. g4+ fxg3+ 52. Kxg3 a4 53. b3 a3 54. b4 Ke5 55. h5 Kd5 56. h6
Kc4 57. h7 Kxb4 58. h8=Q Kc5 59. Qc3+ Kd5 60. Qxa3 Kd4 61. Qb3 Ke5 62. Qc4
Kf6 63. Qd5 Ke7 64. Qc6 Kd8 65. Qb7 Ke8 66. a4 Kf8 67. a5 Ke8 68. a6 Kd8 69.
a7 Ke8 70. a8=R# {Black checkmated} 1-0

[Event "ICC tourney 2884 (40 5)"]
[Site "Internet Chess Club"]
[Date "2022.04.16"]
[Round "2"]
[White "YUAN, SERENA:doudou2011"]
[Black "WU, WILLIAM:chessw23"]
[Result "0-1"]
[ICCResult "White resigns"]
[WhiteElo "1651"]
[BlackElo "1911"]
[Opening "Catalan: closed, 5.Nf3"]
[ECO "E06"]
[NIC "CA.05"]
[Time "13:00:12"]
[PlyCount "120"]
[TimeControl "2400+5"]

1. d4 d5 2. Nf3 Nf6 3. c4 e6 4. g3 Be7 5. Bg2 O-O 6. O-O dxc4 7. Qc2 a6 8.
a4 Bd7 9. Qxc4 Bc6 10. Bg5 h6 11. Bxf6 Bxf6 12. Nc3 Nd7 13. e4 Nb6 14. Qd3
e5 15. d5 Qd6 16. Rfd1 Bd7 17. a5 Nc8 18. Nd2 Qb4 19. Nc4 Nd6 20. Nxd6 cxd6
21. Qd2 Rfc8 22. Ne2 Qxd2 23. Rxd2 Bd8 24. f4 f6 25. Ra3 Rc5 26. b4 Rc4 27.
Rb2 Rac8 28. Raa2 Bc7 29. Kf2 Bb8 30. Ke1 Ba7 31. Kd2 Bb5 32. Bf3 Bf2 33.
Kd1 Be3 34. Ke1 Kf8 35. Rb3 Bd4 36. Rd2 Ba4 37. Rbd3 Ba7 38. Rb2 Bc2 39. Ra3
Bxe4 40. Bxe4 Rxe4 41. fxe5 fxe5 42. Rf3+ Ke7 43. Kd2 Bd4 44. Nxd4 Rxd4+ 45.
Rd3 Rcc4 46. b5 Rxd3+ 47. Kxd3 Rd4+ 48. Ke3 Rxd5 49. bxa6 bxa6 50. Rb7+ Kf6
51. Rb6 Rxa5 52. Rxd6+ Kf5 53. Rd1 Ra3+ 54. Kf2 Ra2+ 55. Kg1 e4 56. h3 e3
57. Re1 Ke4 58. Rd1 e2 59. Re1 Kf3 60. g4 Rd2 {White resigns} 0-1

[Event "ICC tourney 2884 (40 5)"]
[Site "Internet Chess Club"]
[Date "2022.04.16"]
[Round "3"]
[White "GUSEINOV, GADIR:GGuseinov"]
[Black "Nguyen, Hoa Duc:leoman"]
[Result "1/2-1/2"]
[ICCResult "Game drawn by mutual agreement"]
[WhiteElo "2711"]
[BlackElo "2469"]
[Opening "Sicilian: closed"]
[ECO "B23"]
[NIC "SI.44"]
[Time "15:00:17"]
[PlyCount "26"]
[TimeControl "2400+5"]

1. e4 c5 2. Nc3 d6 3. Bb5+ Bd7 4. Bxd7+ Qxd7 5. d4 cxd4 6. Qxd4 Nf6 7. Nf3
Nc6 8. Qd3 e6 9. Bg5 Be7 10. Rd1 Rd8 11. O-O O-O 12. a3 a6 13. Rfe1 Qc7
{Game drawn by mutual agreement}
1/2-1/2

[Event "ICC tourney 2884 (40 5)"]
[Site "Internet Chess Club"]
[Date "2022.04.16"]
[Round "3"]
[White "KOEHL, EVAN:MacAndSneeze"]
[Black "OPASKA, MICHAEL:mopaska1106"]
[Result "1-0"]
[ICCResult "Black resigns"]
[WhiteElo "1648"]
[BlackElo "1778"]
[Opening "Sicilian: Nimzovich-Rossolimo attack (with ...g6, without ...d6)"]
[ECO "B31"]
[NIC "SI.31"]
[Time "15:01:07"]
[PlyCount "53"]
[TimeControl "2400+5"]

1. e4 c5 2. Nf3 Nc6 3. Bb5 g6 4. O-O Bg7 5. c3 Nh6 6. Re1 O-O 7. d4 d5 8. e5
Bg4 9. Bxc6 bxc6 10. dxc5 Rb8 11. b4 Bxf3 12. Qxf3 f6 13. e6 f5 14. Bf4 Rb7
15. Nd2 Ng4 16. Nb3 Qc8 17. Na5 Rb5 18. a4 Rxa5 19. bxa5 Qa6 20. h3 Nf6 21.
Be5 Qxa5 22. Qe3 Ne4 23. Bxg7 Kxg7 24. Qd4+ Kg8 25. Qb4 Qxc5 26. Rxe4 Qxb4
27. Rxb4 {Black resigns} 1-0

[Event "ICC tourney 2884 (40 5)"]
[Site "Internet Chess Club"]
[Date "2022.04.16"]
[Round "3"]
[White "YUAN, SERENA:doudou2011"]
[Black "MARKOVIC, GORAN:Goran21"]
[Result "0-1"]
[ICCResult "White checkmated"]
[WhiteElo "1651"]
[BlackElo "1834"]
[Opening "King's Indian: fianchetto, lesser Simagin (Spassky) variation"]
[ECO "E62"]
[NIC "KI.72"]
[Time "15:00:19"]
[PlyCount "94"]
[TimeControl "2400+5"]

1. d4 Nf6 2. Nf3 g6 3. g3 Bg7 4. Bg2 O-O 5. O-O d6 6. c4 Nc6 7. Nc3 Bf5 8.
d5 Na5 9. Nd2 c6 10. b4 Nxd5 11. Nxd5 Bxa1 12. Ne3 Be6 13. bxa5 Bg7 14. Nb3
a6 15. Bd2 f5 16. Qc2 Qd7 17. Rd1 g5 18. Bc3 Bxc3 19. Qxc3 f4 20. gxf4 gxf4
21. Nc2 Rf6 22. Nc5 Qc8 23. Nxe6 Qxe6 24. Nd4 Qe5 25. Qb3 Raf8 26. Qxb7 Rg6
27. Nxc6 Rxg2+ 28. Kxg2 Qe4+ 29. Kg1 Kh8 30. Qb2+ e5 31. Ne7 Re8 32. Rxd6
Rxe7 33. Rd8+ Kg7 34. Qb4 Kf7 35. Qb3 Rb7 36. Qa4 Kf6 37. f3 Rg7+ 38. Kf1
Qb7 39. Qd1 Kg5 40. Rf8 Rd7 41. Qe1 Rg7 42. Qa1 Qe7 43. Rb8 Kh5 44. Qe1 Qa7
45. Rb6 Qd7 46. c5 Qh3+ 47. Kf2 Qg2# {White checkmated} 0-1

[Event "ICC tourney 2884 (40 5)"]
[Site "Internet Chess Club"]
[Date "2022.04.16"]
[Round "3"]
[White "HARDAWAY, BREWINGTON:K06-15728407"]
[Black "WANG, ALEXANDER J:ickyquarter"]
[Result "1-0"]
[ICCResult "Black resigns"]
[WhiteElo "2057"]
[BlackElo "1918"]
[Opening "Sicilian: dragon, classical attack"]
[ECO "B72"]
[NIC "SI.15"]
[Time "15:00:34"]
[PlyCount "139"]
[TimeControl "2400+5"]

1. e4 c5 2. Nf3 d6 3. d4 cxd4 4. Nxd4 Nf6 5. Nc3 g6 6. Be2 Bg7 7. Be3 O-O 8.
Qd2 Ng4 9. Bxg4 Bxg4 10. f3 Bd7 11. O-O-O Nc6 12. h4 Ne5 13. h5 Nc4 14. Qd3
Nxe3 15. Qxe3 Rc8 16. hxg6 fxg6 17. Qg5 e6 18. Qxd8 Rfxd8 19. Ndb5 Bxb5 20.
Nxb5 Be5 21. c3 h5 22. Rd3 a6 23. Na3 Kf7 24. Kb1 Rh8 25. f4 Bf6 26. Rxd6
Rhd8 27. Rxd8 Rxd8 28. Kc2 b5 29. Nb1 Be7 30. Nd2 Bc5 31. Rh3 Ke7 32. f5
exf5 33. exf5 gxf5 34. Rxh5 Rf8 35. g4 Ke6 36. Rh6+ Kd5 37. gxf5 Rxf5 38.
Rxa6 Rf2 39. Kd3 Rh2 40. Rf6 Rh3+ 41. Rf3 Rh2 42. Rf5+ Kc6 43. b3 Bd6 44.
Nf3 Rh3 45. Ke4 Kb6 46. Rf6 Kc7 47. Nd4 Rh4+ 48. Kd5 Rh5+ 49. Rf5 Rxf5+ 50.
Nxf5 Ba3 51. b4 Kb6 52. Nd4 Bc1 53. c4 bxc4 54. Kxc4 Bd2 55. a4 Bf4 56. Ne6
Bd6 57. a5+ Ka6 58. Nc5+ Ka7 59. Kd5 Bf4 60. b5 Bc7 61. Nb3 Bd8 62. Kc6 Kb8
63. b6 Bh4 64. Nc5 Bg3 65. a6 Ka8 66. Ne6 Bb8 67. Nc7+ Bxc7 68. bxc7 Ka7 69.
Kb5 Ka8 70. c8=Q+ {Black resigns} 1-0

[Event "ICC tourney 2884 (40 5)"]
[Site "Internet Chess Club"]
[Date "2022.04.16"]
[Round "3"]
[White "WU, WILLIAM:chessw23"]
[Black "QUIRKE, JEFFREY L:PawnEatingZombi"]
[Result "1-0"]
[ICCResult "Black resigns"]
[WhiteElo "1911"]
[BlackElo "2049"]
[Opening "Caro-Kann: advance variation"]
[ECO "B12"]
[NIC "CK.04"]
[Time "15:00:13"]
[PlyCount "71"]
[TimeControl "2400+5"]

1. e4 c6 2. d4 d5 3. e5 Bf5 4. Nf3 e6 5. Be2 Nd7 6. O-O h6 7. a4 Ne7 8. a5
a6 9. c4 g5 10. Nc3 Bg7 11. Ne1 O-O 12. f4 f6 13. exf6 Bxf6 14. fxg5 hxg5
15. cxd5 Nxd5 16. Nxd5 cxd5 17. Be3 Nb8 18. Bg4 Bg7 19. Bxf5 exf5 20. Qh5 f4
21. Bf2 Nc6 22. Nf3 Rf5 23. h4 Qe8 24. Qg4 Qg6 25. hxg5 Re8 26. Nh4 Rxg5 27.
Qxf4 Qh5 28. Nf3 Rg4 29. Qd6 Nxd4 30. Bxd4 Bxd4+ 31. Nxd4 Rxd4 32. Ra3 Rg4
33. Raf3 Qg5 34. Rf8+ Rxf8 35. Qxf8+ Kh7 36. Rf7+ {Black resigns} 1-0

[Event "ICC tourney 2884 (40 5)"]
[Site "Internet Chess Club"]
[Date "2022.04.16"]
[Round "3"]
[White "Guo, Anni:movingkid"]
[Black "Wan, Joseph Cheng-Yue:cyborg86"]
[Result "1/2-1/2"]
[ICCResult "Game drawn by mutual agreement"]
[WhiteElo "1700"]
[BlackElo "2285"]
[Opening "French: Winawer (Nimzovich) variation"]
[ECO "C15"]
[NIC "FR.08"]
[Time "15:00:47"]
[PlyCount "81"]
[TimeControl "2400+5"]

1. e4 e6 2. d4 d5 3. Nc3 Bb4 4. exd5 exd5 5. Nf3 Ne7 6. Bd3 Nbc6 7. a3 Bxc3+
8. bxc3 Bg4 9. h3 Bh5 10. O-O Qd7 11. Bf4 f6 12. Be2 g5 13. Bg3 Bg6 14. Rb1
O-O-O 15. Rb2 Na5 16. Bb5 c6 17. Be2 Nf5 18. Nd2 h5 19. Nb3 Nxb3 20. Rxb3
Nxg3 21. fxg3 Qd6 22. Bd3 Be4 23. Bxe4 dxe4 24. Qe1 Rde8 25. Qe3 Kb8 26.
Rbb1 Rhf8 27. a4 Qd5 28. Rb4 Re7 29. Rfb1 Rd8 30. Rf1 Rd6 31. Qe2 e3 32.
Qxh5 e2 33. Re1 a5 34. Rb3 Qe4 35. Qh8+ Ka7 36. Qg8 Qe3+ 37. Kh2 Qd2 38.
Rbb1 Qxc3 39. Qf8 Rde6 40. Qd8 Re3 41. Qb6+ {Game drawn by mutual agreement}
1/2-1/2

[Event "ICC tourney 2884 (40 5)"]
[Site "Internet Chess Club"]
[Date "2022.04.16"]
[Round "3"]
[White "IVANOV, ALEXANDER:marble"]
[Black "Yan, Ruiyang:K01-30157975"]
[Result "1/2-1/2"]
[ICCResult "Game drawn by repetition"]
[WhiteElo "2391"]
[BlackElo "2185"]
[Opening "Sicilian: Taimanov (Bastrikov) variation"]
[ECO "B47"]
[NIC "SI.40"]
[Time "15:00:11"]
[PlyCount "79"]
[TimeControl "2400+5"]

1. e4 c5 2. Nf3 e6 3. d4 cxd4 4. Nxd4 Nc6 5. Nc3 Qc7 6. g3 a6 7. Bg2 Nf6 8.
O-O Be7 9. Re1 O-O 10. Nxc6 dxc6 11. e5 Rd8 12. Qe2 Nd5 13. Bd2 b5 14. a4
Nxc3 15. Bxc3 b4 16. Bd2 Bb7 17. Bf4 c5 18. b3 Bxg2 19. Kxg2 Qc6+ 20. Qf3
Rd5 21. Rad1 Rad8 22. h4 c4 23. Rxd5 Rxd5 24. Re4 c3 25. Rc4 Qd7 26. h5 h6
27. Qe4 a5 28. Be3 Bd8 29. Kh3 Bc7 30. f4 Bd8 31. g4 Bc7 32. Kg3 Bd8 33. Kf3
f5 34. exf6 Bxf6 35. Bb6 Rd2 36. Qa8+ Kh7 37. Qe4+ Kg8 38. Qa8+ Kh7 39. Qe4+
Kg8 40. Qa8+ {Game drawn by repetition} 1/2-1/2